 Dungeon Crawl Stone Soup version 0.22.1-1-ga44c0e5 (webtiles) character file.

9661 aMcNicky the Grappler (level 11, 0/97 HPs)
             Began as a Ghoul Gladiator on Oct 29, 2018.
             Was a Priest of Kikubaaqudgha.
             Slain by a fire elemental (9 damage)
             ... summoned by a deep elf mage
             ... on level 10 of the Dungeon on Oct 30, 2018.
             The game lasted 00:46:41 (11407 turns).

aMcNicky the Grappler (Ghoul Gladiator)            Turns: 11407, Time: 00:46:42

Health: 0/97       AC: 11    Str: 20    XL:     11   Next: 50%
Magic:  12/12      EV: 13    Int:  5    God:    Kikubaaqudgha [***...]
Gold:   222        SH:  0    Dex: 10    Spells: 5/12 levels left

rFire    . . .     SeeInvis .     - Unarmed
rCold    + . .     Gourm    .   (no shield)
rNeg     + + +     Faith    .   H - +0 troll leather armour
rPois    ∞         Spirit   .   v - +2 hat
rElec    .         Reflect  .   A - +2 cloak {MR+}
rCorr    .         Harm     .   (no gloves)
MR       ++...                  B - +0 pair of boots
Stlth    +.........             (no amulet)
HPRegen  0.00/turn              t - ring of protection from magic
MPRegen  0.13/turn              (no ring)

@: liquid flames, rotting, glowing
A: rotting body, claws 1, carnivore, cold resistance 1, negative energy
resistance 3, inhibited regeneration, torment resistance, unbreathing
a: Receive Corpses, Renounce Religion


You were on level 10 of the Dungeon.
You worshipped Kikubaaqudgha.
Kikubaaqudgha was most pleased with you.
You were not hungry.

You visited 2 branches of the dungeon, and saw 11 of its levels.
You also visited: Ossuary.

You collected 472 gold pieces.
You spent 250 gold pieces at shops.

Inventory:

Missiles
 c - a throwing net
 p - 205 stones (quivered)
Armour
 b - a +0 helmet
 k - a +0 plate armour
 r - a +0 large shield
 v - a +2 hat (worn)
 A - a +2 cloak of magic resistance (worn)
 B - a +0 pair of boots (worn)
 D - a +0 ring mail
 H - a +0 troll leather armour (worn)
Jewellery
 t - a ring of protection from magic (left claw)
 y - an uncursed ring of ice
Wands
 a - a wand of flame (27)
 u - a wand of enslavement (34)
 w - a wand of paralysis (27)
 x - a wand of scattershot (5)
 G - a wand of polymorph (10)
Scrolls
 f - 2 scrolls of blinking
 g - 2 scrolls of teleportation {unknown}
 h - 2 scrolls of enchant armour
 j - a scroll of magic mapping {unknown}
 l - 10 scrolls of remove curse {@r2}
 m - a scroll of enchant weapon {unknown}
 o - a scroll of amnesia {unknown}
 q - a scroll of immolation {unknown}
 z - a scroll of torment {unknown}
 F - a scroll of identify {@r1}
Potions
 e - 3 potions of agility
 i - 10 potions of curing {@q1}
 n - 3 potions of haste
 C - a potion of cancellation {unknown}
Comestibles
 d - 22 rations
 s - 5 chunks of flesh


   Skills:
 + Level 9.4 Fighting
 - Level 1.7 Throwing
 + Level 7.0 Armour
 + Level 5.2 Dodging
 + Level 12.0 Unarmed Combat
 + Level 1.3 Spellcasting
 + Level 6.2 Necromancy


You had 5 spell levels left.
You knew the following spells:

 Your Spells              Type           Power        Failure   Level  Hunger
a - Pain                  Necr           #...         4%          1    ##.....
b - Regeneration          Chrm/Necr      #.........   41%         3    ####...
c - Vampiric Draining     Necr           #.........   12%         3    ####...

Your spell library contained the following spells:

 Spells                   Type           Power        Failure   Level  Hunger
 Animate Skeleton         Necr           N/A          4%          1    ##.....
 Corpse Rot               Necr           N/A          6%          2    ###....
 Animate Dead             Necr           N/A          38%         4    #####..
 Infusion                 Chrm           #...         47%         1    ##.....
 Shroud of Golubria       Chrm/Tloc      #.........   63%         2    ###....
 Song of Slaying          Chrm           #.......     63%         2    ###....
 Agony                    Necr           #.......     75%         5    ######.
 Dispel Undead            Necr           #.......     75%         5    ######.
 Spectral Weapon          Hex/Chrm       #.......     85%         3    ####...
 Bolt of Draining         Conj/Necr      #.........   99%         5    ######.
 Excruciating Wounds      Chrm/Necr      #.........   99%         5    ######.


Dungeon Overview and Level Annotations

Branches:
Dungeon (10/15)            Temple (1/1) D:6            Lair (0/6) D:8
    Orc: D:9-12

Altars:
Ashenzari
Cheibriados
Dithmenos
Elyvilon
Fedhas
Gozag
Hepliaklqana
Kikubaaqudgha
Makhleb
Nemelex Xobeh
Okawaru
Qazlal
Ru
Sif Muna
Trog
Uskayaw
Vehumet
Wu Jian
Xom
Yredelemnul
Zin
The Shining One

Shops:
D:5 *   D:9 [

Annotations:
D:3 2 transporters


Innate Abilities, Weirdness & Mutations

Your body is rotting away.
You thrive on raw meat.
You are immune to poison.
You have sharp fingernails.
You are carnivorous and can eat meat at any time.
Your flesh is cold resistant. (rC+)
You are immune to negative energy. (rN+++)
You do not regenerate when monsters are visible.
You are immune to unholy pain and torment.
You can survive without breathing.


Message History

The sticky flame hits you!
You are covered in liquid flames!
You scratch the deep elf mage.
The deep elf mage is almost dead.
You are covered in liquid flames!
The fire elemental hits you. The fire elemental burns you!
* * * LOW HITPOINT WARNING * * *
The fire elemental closely misses you. The wyvern zombie bites you.
* * * LOW HITPOINT WARNING * * *
The deep elf mage hits you with a long sword.
* * * LOW HITPOINT WARNING * * *
Eat one of 6 chunks of flesh? (ye/n/q)
You eat one of the 6 chunks of flesh.
This raw flesh tastes great!
You are covered in liquid flames!
* * * LOW HITPOINT WARNING * * *
The fire elemental hits you. The fire elemental burns you!
* * * LOW HITPOINT WARNING * * *
The fire elemental hits you. The fire elemental burns you!
You die...
Kikubaaqudgha rasps: "You have failed me!
Welcome... oblivion!"

#..............
#.............. ...
#............# ..#
.............# ..#
.............# ..#
#...[........# ..#
#............####..#
#...............ZE.#
#..########.....@E.#
...# #..####e......
...# #..# ..:....
...# #..# ..#####
...# #..# ..# ...#
#..# ..# ...# #..#
..# ...# #..# ..#
####


You could see a deep elf mage, 2 fire elementals and a wyvern zombie.

Vanquished Creatures
  A hydra (D:9)
  Erica (D:9)
  A two-headed ogre (D:9)
  Maurice (D:9)
  3 trolls (D:9)
  2 hornets (D:9)
  2 dream sheep (D:9)
  7 yaks
  Grum (D:9)
  2 hungry ghosts (D:9)
  4 ice beasts
  A phantom (D:5)
  2 orc warriors
  2 sky beasts
  6 ogres
  4 wolves (D:8)
  2 centaurs
  4 big kobolds (D:9)
  4 bullfrogs
  A water moccasin zombie (Ossuary)
  4 scorpions
  3 killer bees (D:8)
  6 crimson imps
  4 howler monkeys
  4 hounds
  4 jellies
  A bullfrog skeleton (D:7)
  2 orc priests
  A gnoll shaman (D:9)
  An iguana (D:7)
  15 orc wizards
  Ijyb (D:5)
  4 worker ants
  3 big kobold zombies (Ossuary)
  A hound zombie (D:7)
  A hound skeleton (D:7)
  2 mummies (Ossuary)
  A worker ant zombie (D:10)
  Robin (D:3)
  12 gnolls
  15 adders
  A shadow imp (D:6)
  An ooze (D:5)
  4 adder zombies (Ossuary)
  2 adder skeletons
  2 worms (D:3)
  2 dart slugs (D:2)
  3 leopard geckos
  33 orcs
  6 giant cockroaches
  18 goblins
  7 hobgoblins
  4 jackals (D:2)
  3 quokkas
  3 ball pythons
  10 bats
  4 frilled lizards
  3 gnoll zombies (Ossuary)
  5 hobgoblin zombies (Ossuary)
  13 kobolds
  4 kobold zombies (Ossuary)
  3 orc zombies (Ossuary)
  2 quokka skeletons
  9 rats
279 creatures vanquished.

Vanquished Creatures (others)
  An orc zombie (Ossuary)
1 creature vanquished.

Grand Total: 280 creatures vanquished

Notes
Turn   | Place    | Note
-------+----------+-------------------------------------------
     0 | D:1      | aMcNicky the Ghoul Gladiator began the quest for the Orb.
     0 | D:1      | Reached XP level 1. HP: 17/17 MP: 0/0
   233 | D:1      | Reached XP level 2. HP: 25/25 MP: 1/1
   798 | D:1      | Reached skill level 4 in Unarmed Combat
  1165 | D:2      | Reached XP level 3. HP: 29/29 MP: 2/2
  1343 | D:2      | Reached XP level 4. HP: 29/38 MP: 3/3
  1471 | D:2      | Reached skill level 5 in Unarmed Combat
  1571 | D:2      | Found an iron altar of Okawaru.
  1715 | D:2      | Reached XP level 5. HP: 37/45 MP: 4/4
  2215 | D:3      | Found a transporter.
  2383 | D:3      | Found a transporter.
  2553 | D:3      | Noticed Robin
  2577 | D:3      | Killed Robin
  2577 | D:3      | Reached skill level 6 in Unarmed Combat
  2861 | D:3      | Found an ornate altar of the Wu Jian Council.
  3016 | D:4      | Noticed an ogre
  3029 | D:4      | Killed an ogre
  3029 | D:4      | Reached XP level 6. HP: 13/52 MP: 5/5
  3260 | D:4      | Reached skill level 1 in Armour
  3560 | D:4      | Reached XP level 7. HP: 58/60 MP: 6/6
  3567 | D:4      | Reached skill level 7 in Unarmed Combat
  4205 | D:5      | Entered Level 5 of the Dungeon
  4301 | D:5      | Reached skill level 5 in Fighting
  4595 | D:5      | Found Vaikeasu's General Store.
  4601 | D:5      | Bought a scroll of enchant armour for 90 gold pieces
  4678 | D:5      | Reached skill level 8 in Unarmed Combat
  4678 | D:5      | Reached XP level 8. HP: 54/67 MP: 7/7
  5083 | D:5      | Noticed Ijyb
  5103 | D:5      | Killed Ijyb
  5442 | D:5      | Found a bloodstained altar of Trog.
  5517 | D:6      | Found a sand-covered staircase.
  5519 | D:6      | Found a hide-covered altar of Uskayaw.
  5526 | Ossuary  | Entered an ossuary
  5819 | Ossuary  | Learned a level 3 spell: Regeneration
  5861 | D:6      | Reached skill level 9 in Unarmed Combat
  5921 | D:6      | Found a staircase to the Ecumenical Temple.
  5926 | Temple   | Entered the Ecumenical Temple
  6122 | Temple   | Became a worshipper of Kikubaaqudgha
  6402 | D:6      | Found a hazy altar of Hepliaklqana.
  6706 | D:6      | Reached skill level 1 in Necromancy
  6720 | D:6      | Reached XP level 9. HP: 78/78 MP: 8/8
  6983 | D:6      | You fall through a shaft for 2 floors!
  7327 | D:8      | Found a staircase to the Lair.
  7332 | D:8      | Reached skill level 10 in Unarmed Combat
  7701 | D:9      | Noticed Maurice
  7715 | D:9      | Killed Maurice
  7784 | D:9      | Reached * piety under Kikubaaqudgha
  7784 | D:9      | Identified Kikubaaqudgha's Collected Works on Black Arts
                  | (Kikubaaqudgha gifted it to you on level 9 of the Dungeon)
  7784 | D:9      | Received a gift from Kikubaaqudgha
  8199 | D:7      | Reached skill level 5 in Armour
  8567 | D:7      | Reached XP level 10. HP: 88/88 MP: 9/9
  8668 | D:9      | Found Boosch's Armour Shop.
  8676 | D:9      | Bought a +2 hat for 160 gold pieces
  8751 | D:9      | Reached skill level 11 in Unarmed Combat
  8939 | D:9      | Reached ** piety under Kikubaaqudgha
  9204 | D:9      | Learned a level 1 spell: Pain
  9208 | D:9      | Learned a level 3 spell: Vampiric Draining
  9452 | D:9      | Noticed a two-headed ogre
  9614 | D:9      | Noticed Grum
  9784 | D:9      | Killed Grum
  9874 | D:9      | Noticed Erica
 10309 | D:9      | Killed a two-headed ogre
 10309 | D:9      | Reached skill level 5 in Necromancy
 10336 | D:9      | Killed Erica
 10336 | D:9      | Reached XP level 11. HP: 45/97 MP: 10/10
 10575 | D:9      | Found a white marble altar of Elyvilon.
 10577 | D:9      | Found a sparkling altar of Nemelex Xobeh.
 10844 | D:9      | Reached *** piety under Kikubaaqudgha
 10844 | D:9      | Identified Kikubaaqudgha's Tome of Dark Rites
                  | (Kikubaaqudgha gifted it to you on level 9 of the Dungeon)
 10844 | D:9      | Received a gift from Kikubaaqudgha
 10923 | D:9      | Noticed a two-headed hydra
 10930 | D:9      | Killed a two-headed hydra
 10930 | D:9      | Reached skill level 5 in Dodging
 11132 | D:10     | Entered Level 10 of the Dungeon
 11213 | D:9      | Reached skill level 1 in Spellcasting
 11216 | D:9      | Reached skill level 12 in Unarmed Combat
 11396 | D:10     | Noticed a deep elf mage
 11407 | D:10     | Slain by a fire elemental

Skill      XL: |  1  2  3  4  5  6  7  8  9 10 11 |
---------------+----------------------------------+-----
Unarmed Combat | 4 5 6 8 9 10 11 12 | 12.0
Fighting       | 3 4 5 6 7 9 |  9.4
Armour         | 1 2 4 5 6 7 |  7.0
Necromancy     | 1 3 5 6 |  6.2
Dodging        | 4 5 |  5.2
Spellcasting   | 1 |  1.3
Throwing       | |  1.7

Action                   |  1- 3 |  4- 6 |  7- 9 | 10-12 || total
-------------------------+-------+-------+-------+-------++-------
Melee: Unarmed           |    87 |   204 |   506 |   317 ||  1114
       Punch             |     2 |     5 |    11 |     9 ||    27
Throw: Throwing net      |       |     1 |     2 |       ||     3
       Stone             |       |       |       |     8 ||     8
 Cast: Pain              |       |       |       |    33 ||    33
       Regeneration      |       |       |       |     1 ||     1
Invok: Receive Corpses   |       |       |       |     1 ||     1
Evoke: Wand              |       |       |       |     1 ||     1
  Use: Scroll            |       |       |    10 |       ||    10
       Potion            |       |       |     2 |     4 ||     6
  Eat: Chunk             |     4 |     6 |    12 |    18 ||    40
       Ration            |       |       |     2 |       ||     2
Armor: Leather armour    |    25 |     7 |       |       ||    32
       Ring mail         |       |     4 |       |    35 ||    39
       Scale mail        |       |    46 |     5 |       ||    51
       Plate armour      |       |       |   234 |       ||   234
       Troll leather arm |       |       |       |    89 ||    89
Dodge: Dodged            |    37 |    92 |   109 |   177 ||   415
